 Dungeon Crawl Stone Soup version 0.19.1-1-g22dce08 (webtiles) character file.

245 Kiturien the Blocker (level 6, 0/42 HPs)
             Began as an Octopode Fighter on Jan 18, 2017.
             Was an Initiate of Dithmenos.
             Succumbed to a killer bee's poison
             ... on level 3 of the Dungeon.
             The game lasted 00:08:41 (2960 turns).

Kiturien the Blocker (Octopode Fighter)             Turns: 2960, Time: 00:08:41

Health: 0/42       AC:  1    Str: 15    XL:     6   Next: 10%
Magic:  15/15      EV: 14    Int: 10    God:    Dithmenos [......]
Gold:   111        SH: 12    Dex: 14    Spells: 0 memorised, 5 levels left

rFire  . . .     SeeInvis .     a - +0 rapier
rCold  . . .     Gourm    .     b - +0 shield
rNeg   . . .     Faith    .     (helmet restricted)
rPois  .         Spirit   .     (no amulet)
rElec  .         Reflect  .     f - ring of teleportation (curse)
rCorr  .         Harm     .     k - ring of magical power
MR     .....     Rnd*Tele +     (no ring)
Stlth  +++.......               (no ring)
                                (no ring)
                                (no ring)
                                (no ring)
                                (no ring)

@: lethally poisoned (0 -> -31)
A: almost no armour, stealthy swim, amphibious, 8 rings, constrict 8, camouflage
1, gelatinous body 1
a: Renounce Religion


You were on level 3 of the Dungeon.
You worshipped Dithmenos.
Dithmenos was noncommittal.
You were not hungry.

You visited 1 branch of the dungeon, and saw 4 of its levels.

You collected 111 gold pieces.

Inventory:

Hand Weapons
 a - a +0 rapier (weapon)
Armour
 b - a +0 shield (worn)
Jewellery
 f - a cursed ring of teleportation (left tentacle)
 k - a ring of magical power (right tentacle)
Scrolls
 n - a scroll of remove curse {unknown}
 o - a scroll of fear {unknown}
 p - a scroll of teleportation
Potions
 c - a potion of might
 e - 3 potions of flight
 j - a potion of cancellation {unknown}
 l - a potion of mutation {unknown}
Books
 m - a book of Minor Magic

   Spells                             Type                      Level
   a - Magic Dart                     Conjuration                  1
   b - Blink                          Translocation                2
   c - Call Imp                       Summoning                    2
   d - Repel Missiles                 Charms/Air                   2
   e - Slow                           Hexes                        2
   f - Conjure Flame                  Conjuration/Fire             3
   g - Mephitic Cloud                 Conjuration/Poison/Air       3
Comestibles
 g - a bread ration
 i - 2 meat rations


   Skills:
 + Level 3.4 Fighting
 + Level 3.2 Short Blades
 + Level 3.8 Dodging
 + Level 1.5 Stealth
 + Level 12.3 Shields


You had 5 spell levels left.
You didn't know any spells.

Dungeon Overview and Level Annotations

Branches:
Dungeon (4/15)
 Temple: D:4-7

Altars:
Dithmenos
Gozag
Kikubaaqudgha


Innate Abilities, Weirdness & Mutations

You cannot wear most types of armour.
You are very stealthy in the water. (Stealth+)
You are amphibious.
You can wear up to eight rings at the same time.
You can use your tentacles to constrict eight enemies at once.
Your skin changes colour to match your surroundings (Stealth+).
Your rubbery body absorbs attacks. (AC +1, EV +1)


Message History

* * * LOW HITPOINT WARNING * * *
You feel sick. The killer bee stings you.
* * * LOW HITPOINT WARNING * * *
You are more poisoned.
The killer bee poisons you! The killer bee misses you.
You hit the killer bee.
The killer bee is heavily wounded.
You constrict the killer bee.
* * * LOW HITPOINT WARNING * * *
You feel very sick. You block the killer bee's attack. x2
It was a potion of experience.
You feel more experienced!
Your Shields skill gained 9 levels and is now at level 12!
You have reached level 6!
Your experience leads to an increase in your attributes!
Increase (S)trength, (I)ntelligence, or (D)exterity?
You feel agile.
You constrict the killer bee.
You die...

#.#.# ######.#.#####.# #
#.#.####.....###......# #
#.#.#....####.#.#####.# #
#.#.#.#### ##.## ##.#########
#.#.#.########># #........)..
#............#.# #...<)(.....
#...########.#.# #..########.
#...########.#.# #..##### #.
#............y@# #......####.
#.........##.### #.####......
###.........##.# #.# ######.
............##.#######.# #.
###.........##.........#########.
#...........##########...........
#...........# ############
#........#### ###...##.#
#########


You could see a killer bee.

Vanquished Creatures
  A howler monkey (D:4)
  3 worms
  6 dart slugs
  A leopard gecko (D:2)
  2 giant cockroaches
  9 hobgoblins
  4 jackals
  A quokka (D:4)
  2 ball pythons
  13 bats
  8 frilled lizards
  6 goblins
  7 kobolds
  5 rats
68 creatures vanquished.

Notes
Turn   | Place    | Note
-------+----------+-------------------------------------------
     0 | D:1      | Kiturien the Octopode Fighter began the quest for the Orb.
     0 | D:1      | Reached XP level 1. HP: 16/16 MP: 1/1
   142 | D:1      | Reached XP level 2. HP: 18/21 MP: 2/2
   193 | D:1      | HP: 1/21 [kobold (1)]
  1066 | D:2      | Reached XP level 3. HP: 12/26 MP: 3/3
  1875 | D:3      | Found an ancient bone altar of Kikubaaqudgha.
  2132 | D:3      | Reached XP level 4. HP: 23/31 MP: 4/4
  2445 | D:3      | Found a shadowy altar of Dithmenos.
  2445 | D:3      | Found an opulent altar of Gozag.
  2452 | D:3      | Became a worshipper of Dithmenos the Shadowed
  2846 | D:4      | Reached skill level 1 in Stealth
  2846 | D:4      | Reached XP level 5. HP: 26/36 MP: 5/5
  2960 | D:3      | Reached skill level 12 in Shields
  2960 | D:3      | Reached XP level 6. HP: 3/42 MP: 6/6
  2960 | D:3      | Succumbed to a killer bee's poison

Skill      XL: |  1  2  3  4  5 |
---------------+----------------+-----
Short Blades   | 3 |  3.2
Stealth        | 1 |  1.5
Shields        | 12 | 12.3
Fighting       | |  3.4
Dodging        | |  3.8

Action                   |  1- 3 |  4- 6 || total
-------------------------+-------+-------++-------
Melee: Rapier            |    77 |    46 ||   123
       Constrict         |    20 |    17 ||    37
       Tentacles         |    14 |     6 ||    20
  Use: Potion            |     5 |     2 ||     7
       Scroll            |     2 |     2 ||     4
 Stab: Sleeping          |     5 |     2 ||     7
       Distracted        |       |     1 ||     1
  Eat: Bread ration      |     1 |     1 ||     2
Armor: Skin              |     8 |     3 ||    11
Dodge: Dodged            |    55 |    21 ||    76
Block: Shield            |    41 |    23 ||    64
